Unix NetHack Version 5.0.0-0 post-release - last build May 10 2026 23:12:36 (d1fa5d53e341ca933230fdaa984d921c805b60aa,branch:main).

Game began 2026-05-11 19:32:34, ended 2026-05-11 19:55:02.

IanCurtis, chaotic male elven Wizard

                                                .--
                                             .....
                                            ......--
                                            .h.G.%.--.
                                             -@..f.....|G
                                             ---.....G.|
                                               |..)..h.--
                                               ---......|
                                                 -.....*|
                                                  ......----
                                                    .......--
                                                     ....<..|
                                                      .---..|
                                                          --

IanCurtis the Thaumaturge  St:10 Dx:12 Co:15 In:20 Wi:11 Ch:8  Chaotic
Dlvl:4  $:64 HP:0(44) Pw:13(66) AC:6  Xp:6 T:2307  Hungry   Burdened

Latest messages:
 Your kitten eats a gnome lord corpse.
 The gnome shoots an arrow!
 You are hit by an arrow.
 In what direction? y
 The spell hits the gnome!
 You kill the gnome!
 Click!  You trigger a rolling boulder trap!
 You are hit by a boulder!
 In what direction? l
 You have a little trouble lifting r - a stethoscope.
 What do you want to adjust? [a-suvyzA-HK-OQRX or ?*] r
 Adjust letter to what [rtwxIJPS-WYZ] (? see used letters)? s
 Swapping: s - a stethoscope.
 You miss the dwarf.
 The dwarf swings her broad pick.
 The dwarf hits!
 You miss the dwarf.
 In what direction? y
 The spell misses the dwarf.
 The dwarf swings her broad pick.
 The dwarf misses!
 The dwarf swings her broad pick.
 The dwarf hits!
 In what direction? .
 You feel better.
 The dwarf swings her broad pick.
 The dwarf hits!
 The gnome wields an elven spear!
 In what direction? y
 The spell misses the dwarf.
 The dwarf swings her broad pick.
 The dwarf hits!
 The gnome picks up a bow.
 In what direction? .
 You feel better.
 The dwarf swings her broad pick.
 The dwarf misses!
 The gnome thrusts his elven spear.
 The gnome hits!
 The dwarf swings her broad pick.
 The dwarf hits!
 The gnome thrusts his elven spear.
 The gnome hits!
 You are beginning to feel hungry.
 In what direction? .
 You feel better.
 The dwarf swings her broad pick.
 The dwarf hits!
 You die...
 Do you want your possessions identified? [ynq] (y) q

Inventory:
 Coins    ('$')
  $ - 64 gold pieces
 Amulets  ('"')
  F - an uncursed amulet versus poison
 Weapons  (')')
  a - a blessed +1 quarterstaff (weapon in hands)
 Armor    ('[')
  q - a blessed +2 orcish helm (being worn)
  b - an uncursed +0 cloak of magic resistance (being worn)
 Comestibles  ('%')
  y - 2 uncursed food rations
 Scrolls  ('?')
  i - an uncursed scroll of charging
  k - an uncursed scroll of confuse monster
  j - an uncursed scroll of create monster
  G - an uncursed scroll of identify
  N - 2 uncursed scrolls of light
  L - a cursed scroll of magic mapping
  A - an uncursed scroll of taming
 Spellbooks  ('+')
  O - an uncursed spellbook of chain lightning
  R - an uncursed spellbook of create familiar
  l - a blessed spellbook of force bolt
  Q - a blessed spellbook of force bolt
  B - an uncursed spellbook of healing
  m - an uncursed spellbook of sleep
 Potions  ('!')
  M - an uncursed potion of extra healing
  u - an uncursed potion of sickness
  f - an uncursed potion of water
  g - an uncursed potion of water
  h - a potion of unholy water
 Rings    ('=')
  D - a cursed -1 ring of gain strength
  d - an uncursed +1 ring of protection
  e - an uncursed ring of protection from shape changers
  r - an uncursed ring of teleport control
 Wands    ('/')
  v - a wand of probing (0:5)
  c - a wand of slow monster (0:8)
  H - a wand of speed monster (0:6)
  K - a wand of speed monster (0:4)
  E - a wand of stasis (0:4)
 Tools    ('(')
  p - an uncursed wooden harp
  o - an uncursed blindfold
  X - a magic marker (0:91)
  n - a magic marker (0:20)
  z - an uncursed oil lamp (lit)
  C - an uncursed pair of lenses (being worn)
  s - a cursed stethoscope

IanCurtis the Wizard's attributes:

Background:
 You were a Thaumaturge, a level 6 male elven Wizard.
 You were chaotic, nominally on a mission for Anhur
 who was opposed by Ptah (lawful) and Thoth (neutral).
 You were right-handed.
 You were in the Gnomish Mines, on level 4.
 You entered the dungeon 2307 turns ago.
 You had 336 experience points, 304 more were needed to attain level 7.

Basics:
 You had 0 out of 44 hit points.
 You had 13 out of 66 energy points (spell power).
 Your armor class was 6.
 Your wallet contained 64 zorkmids.
 Autopickup was off.

Final Characteristics:
 Your strength was 10 (limit:18).
 Your dexterity was 12 (limit:18).
 Your constitution was 15 (limit:16).
 Your intelligence was 20 (limit:20).
 Your wisdom was 11 (limit:20).
 Your charisma was 8 (limit:18).

Final Status:
 You were hungry.
 You were burdened; movement was slightly slowed.
 You were wielding a quarterstaff.
 You had basic skill with quarterstaff.

Final Attributes:
 You were piously aligned.
 You were magic-protected.
 You were sleep resistant.
 You were telepathic.
 You had infravision.
 You were warded.
 You are dead.

Miscellaneous:
 You didn't encounter any bones levels.
 Total elapsed playing time was 21 minutes.

Major events:
 Turn
    1: IanCurtis the chaotic male elven Wizard entered the dungeon
  526: attained the rank of Conjurer (level 3)
 1875: entered the Gnomish Mines
 2280: attained the rank of Thaumaturge (level 6)
 2307: killed by a dwarf

Spells:
 Name                 Level Category     Fail Retention
 force bolt             1   attack         0%   81%-90%
 sleep                  3   enchantment    0%   81%-90%
 healing                1   healing        0%  76%-100%
 chain lightning        2   attack         0%  91%-100%

Skills:
 Fighting Skills
   bare handed combat [Unskilled]
   riding             [Unskilled]
 Weapon Skills
   dagger             [Unskilled]
   knife              [Unskilled]
   axe                [Unskilled]
   short sword        [Unskilled]
   club               [Unskilled]
   mace               [Unskilled]
   quarterstaff       [Basic]
   polearms           [Unskilled]
   spear              [Unskilled]
   trident            [Unskilled]
   sling              [Unskilled]
   dart               [Unskilled]
   shuriken           [Unskilled]
 Spellcasting Skills
   attack spells      [Basic]
   healing spells     [Unskilled]
   divination spells  [Unskilled]
   enchantment spells [Basic]
   clerical spells    [Unskilled]
   escape spells      [Unskilled]
   matter spells      [Unskilled]

Voluntary challenges:
 Character rerolling was not enabled.
 You were an atheist.
 You never genocided any monsters.
 You never polymorphed an object.
 You never changed form.
 You used no wishes.
Achievements:
 You attained the rank of Conjurer.
 You entered the Gnomish Mines.
 You attained the rank of Thaumaturge.

 The Dungeons of Doom: levels 1 to 7
    Level 1:
    Level 2:
       A fountain.
       Stairs down to The Gnomish Mines.
    Level 3:
    Level 4:
       A fountain.
    Level 5:
    Level 6: "vault"
       A fountain.
    Level 7:
       Many fountains.
       Oracle of Delphi.
 The Gnomish Mines: levels 3 to 4
    Level 3:
    Level 4: <- You were here.
       Final resting place for
          you, killed by a dwarf.


Vanquished creatures:
  a dingo
  a water nymph
  a rock piercer
  2 fog clouds
  3 gnome leaders
 an elf zombie
  a floating eye
  a kitten
  2 dwarves
  2 hill orcs
  a giant bat
  3 iguanas
  2 coyotes
  2 hobbits
  a manes
  2 giant rats
  a yellow mold
 11 gnomes
  2 geckos
  a jackal
  a kobold
  3 goblins
  3 sewer rats
  a grid bug
  3 lichens
  3 newts
55 creatures vanquished.

No species were genocided or became extinct.

Game over:
                       ----------
                      /          \
                     /    REST    \
                    /      IN      \
                   /     PEACE      \
                  /                  \
                  |    IanCurtis     |
                  |      64 Au       |
                  |   killed by a    |
                  |      dwarf       |
                  |                  |
                  |                  |
                  |       2026       |
                 *|     *  *  *      | *
        _________)/\\_//(\/(/\)/\//\/|_)_______

Goodbye IanCurtis the Wizard...

You died in The Gnomish Mines on dungeon level 4 with 1702 points,
and 64 pieces of gold, after 2307 moves.
You were level 6 with a maximum of 44 hit points when you died.

